 Dungeon Crawl Stone Soup version 0.22-a0-280-g69bf1f3 (webtiles) character file.

59 galech the Ruffian (level 3, 0/37 HPs)
             Began as a Troll Monk on Mar 16, 2018.
             Slain by a gnoll
             ... wielding a +0 halberd
              (10 damage)
             ... on level 2 of the Dungeon.
             The game lasted 00:01:32 (854 turns).

galech the Ruffian (Troll Monk)                      Turns: 854, Time: 00:01:33

Health: 0/37       AC:  5    Str: 20    XL:     3   Next: 78%
Magic:  2/2        EV: 11    Int:  6    God:
Gold:   118        SH:  0    Dex: 12    Spells: 2/2 levels left

rFire    . . .     SeeInvis .     - Unarmed
rCold    . . .     Gourm    +   (no shield)
rNeg     . . .     Faith    .   a - +0 robe
rPois    .         Spirit   .   (helmet restricted)
rElec    .         Reflect  .   (no cloak)
rCorr    .         Harm     .   (gloves unavailable)
MR       .....                  (boots unavailable)
Stlth    ++........             (no amulet)
HPRegen  0.52/turn              (no ring)
MPRegen  0.08/turn              (no ring)

@: no status effects
A: large, unfitting armour, claws 3, fast metabolism 3, gourmand, regeneration
1, shaggy fur 1, tough skin 2
a: no special abilities


You were on level 2 of the Dungeon.
You were completely stuffed.

You visited 1 branch of the dungeon, and saw 2 of its levels.

You collected 118 gold pieces.

Inventory:

Armour
 a - a +0 robe (worn)
Scrolls
 d - 3 scrolls of remove curse {unknown}
 g - a scroll of identify {unknown}
Potions
 e - a potion of lignification {unknown}
 f - a potion of heal wounds {unknown}
 h - a potion of might {unknown}
 i - a potion of berserk rage {unknown}
Comestibles
 b - 7 rations
 c - 8 chunks of flesh


   Skills:
 + Level 3.0 Fighting
 + Level 3.0 Dodging
 - Level 1.0 Stealth
 + Level 3.6 Unarmed Combat


You had 2 spell levels left.
You didn't know any spells.

Dungeon Overview and Level Annotations

Branches:
Dungeon (2/15)

Altars:


Innate Abilities, Weirdness & Mutations

You are too large for most types of armour.
You have claws for hands.
Your metabolism is lightning-fast.
You like to eat raw meat.
Your natural rate of healing is unusually fast.
You are covered in fur. (AC +1)
You have very tough skin. (AC +2)


Message History

You are too injured to fight recklessly!
You are too injured to fight recklessly!
You are too injured to fight recklessly!
You see here 16 gold pieces.
Found a pair of boots.
Found a scroll labeled KIOTYN MUHYN.
Found a stone staircase leading down.
A dart slug comes into view.
The dart slug launches a dart at you. The slug dart hits you!
Found a scale mail.
The dart slug bites you but does no damage.
Found a stone staircase leading down.
The dart slug launches a dart at you. The slug dart misses you.
The gnoll hits you with a flail!
* * * LOW HITPOINT WARNING * * *
The gnoll barely misses you.
There is a stone staircase leading down here.
The gnoll hits you from afar with a halberd!
You die...

#.#.#.#.# #.#.#.#รท#
#.#.#.#.#
#.#...#.########
###.#####.#......##
....#...#.#.......##
.####.#.#.#........#
....#.#.#.#........#
..###.#.#.#....g@..#
.## #.#...#....w...#
.# #.#####...lg...#
.# #.#...#.......##
.# #.#.#)#...g....#
.# #.#.#.#........#
## #.#.#.#..........
#...#.#.........##
#####.#..........


You could see 3 gnolls, a dart slug and a frilled lizard.

Vanquished Creatures
  Terence (D:2)
  2 dart slugs (D:1)
  5 giant cockroaches (D:1)
  3 goblins
  6 hobgoblins
  3 bats
  4 frilled lizards
  4 kobolds (D:1)
  2 rats (D:1)
30 creatures vanquished.

Notes
Turn   | Place    | Note
-------+----------+-------------------------------------------
     0 | D:1      | galech the Troll Monk began the quest for the Orb.
     0 | D:1      | Reached XP level 1. HP: 22/22 MP: 0/0
   134 | D:1      | Reached XP level 2. HP: 29/29 MP: 1/1
   534 | D:1      | Reached XP level 3. HP: 36/36 MP: 2/2
   765 | D:2      | Noticed Terence
   781 | D:2      | Killed Terence
   854 | D:2      | Slain by a gnoll

Vault maps used:
D:1:      erik_arrival_cave_to_civilisation, hangedman_decor_growths,
          minmay_domino_4
D:2:      grunt_decor_mini_mirrors, nrook_mini_vaults, roderic_serpentine_path,
          uniq_terence

Skill      XL: |  1  2  3 |
---------------+----------+-----
Fighting       | 3 |  3.0
Dodging        | 3 |  3.0
Stealth        | |  1.0
Unarmed Combat | |  3.6

Action                   || total
-------------------------++-------
Melee: Unarmed           ||    74
 Stab: Sleeping          ||     4
  Eat: Chunk             ||    13
Armor: Robe              ||    24
Dodge: Dodged            ||    41

Table legend:
 A = Spawn XP
 B = Non-spawn XP
 C = Spawn XP percentage of total XP
 D = Spawn monster count
 E = Non-spawn monster count
 F = Spawn count percentage of total count
 G = Total turns spent on level
                    A         B        C        D         E        F      G
               +---------+---------+-------+---------+---------+-------+---------
         Total |       0 |      85 |   0.0 |       0 |      30 |   0.0 |   854
               +---------+---------+-------+---------+---------+-------+---------
           D:1 |       0 |      42 |   0.0 |       0 |      23 |   0.0 |   646
           D:2 |       0 |      43 |   0.0 |       0 |       7 |   0.0 |   208
               +---------+---------+-------+---------+---------+-------+---------
